Map: Dusk Towers

Players

Miszu - Winner!

  • Race: Terran Terran
  • League: Grandmaster

MouLou

  • Race: Terran Terran
  • League: Grandmaster

VOD

Have the link to the VOD?

Description

Time

  • Played on: Feb. 8, 2016, 11:35 a.m.
  • Length: 12:18
Show
View Real Time Build Order
Export as new Build Order

Miszu Terran - Winner!

Build Orders: Bio Tank 

Get SALT Encoding   

  12  0:01  SCV  
  13  0:13  SCV  
  14  0:17  Supply Depot  
  14  0:25  SCV  
  15  0:39  SCV  
  15  0:41  Barracks  
  16  0:44  Refinery  
  16  0:51  SCV  
  17  1:03  SCV  
  18  1:15  SCV  
  19  1:27  Orbital Command  
  19  1:29  Barracks Reactor  
  19  1:47  Command Center  
  19  1:53  SCV  
  20  1:56  Supply Depot  
  20  2:05  SCV  
  21  2:09  Factory  
  21  2:14  Marine x2  
  23  2:18  SCV  
  23  2:22  Refinery  
  24  2:30  SCV  
  24  2:32  Marine x2  
  27  2:42  SCV  
  28  2:50  Marine x2  
  30  2:54  Starport, SCV  
  30  2:56  Factory Tech Lab  
  31  3:00  Orbital Command  
  31  3:10  Marine x2, SCV  
  34  3:15  Widow Mine  
  36  3:23  SCV  
  36  3:25  SCV  
  38  3:28  Marine x2  
  38  3:30  Medivac  
  42  3:34  Supply Depot  
  42  3:35  SCV  
  42  3:38  SCV  
  44  3:44  Widow Mine  
  46  3:56  SCV x2  
  46  3:57  Marine x2  
  46  3:58  Supply Depot  
  50  4:08  SCV x2  
  52  4:15  Marine x2  
  52  4:18  Command Center  
  52  4:20  SCV x2  
  54  4:26  Siege Tank  
  54  4:27  Starport Reactor  
  57  4:32  SCV  
  57  4:33  SCV  
  59  4:43  Barracks  
  59  4:44  Barracks, SCV  
  56  4:53  SCV  
  56  4:55  Marine x2  
  56  4:56  SCV  
  60  5:05  SCV  
  61  5:09  SCV  
  61  5:11  Refinery x2  
  62  5:14  Supply Depot  
  62  5:15  Supply Depot  
  62  5:19  Engineering Bay  
  62  5:20  Engineering Bay  
  62  5:29  Siege Tank, SCV x2  
  62  5:33  Barracks Tech Lab x2  
  62  5:34  Orbital Command  
  67  5:38  Marine x2  
  67  5:41  SCV x2  
  71  5:46  Terran Infantry Weapons Level 1, Terran Infantry Armor Level 1  
  71  5:52  Stimpack  
  71  5:53  SCV x2  
  71  5:55  Marine  
  69  6:06  SCV  
  69  6:09  Viking x2  
  74  6:14  Orbital Command  
  74  6:16  Marine  
  74  6:17  SCV  
  74  6:18  SCV  
  79  6:22  Supply Depot  
  79  6:24  Marine  
  80  6:30  SCV  
  81  6:37  Siege Tank  
  81  6:38  SCV  
  81  6:39  Barracks  
  82  6:40  SCV  
  82  6:41  Barracks  
  82  6:51  Refinery, Medivac  
  82  6:52  Medivac  
  82  6:53  Refinery  
  86  6:56  SCV x2  
  86  6:57  SCV  
  87  7:08  SCV  
  87  7:10  SCV  
  87  7:14  Marine  
  86  7:17  SCV  
  86  7:19  Marine  
  86  7:20  Siege Tank  
  86  7:21  SCV  
  92  7:23  SCV  
  92  7:24  Factory  
  92  7:29  SCV  
  94  7:31  Barracks Reactor x2  
  94  7:33  SCV  
  94  7:35  SCV  
  96  7:38  Armory  
  96  7:43  SCV  
  97  7:45  SCV  
  97  7:46  Supply Depot  
  97  7:47  Supply Depot, SCV  
  97  7:50  Supply Depot  
  99  7:59  Combat Shields  
  99  8:00  Sensor Tower x2  
  99  8:03  Medivac  
  101  8:07  Medivac, Siege Tank  
  101  8:09  Factory Tech Lab  
  101  8:12  SCV  
  105  8:14  SCV  
  105  8:15  SCV  
  105  8:19  Supply Depot  
  107  8:21  Supply Depot  
  107  8:24  SCV  
  108  8:28  Marine  
  108  8:29  Siege Tank  
  108  8:31  Marine  
  108  8:33  Marine, Medivac  
  116  8:38  Marine x4  
  116  8:39  Marine  
  102  8:46  Marine  
  103  8:49  Marine, Medivac, Siege Tank  
  103  8:50  SCV  
  103  8:51  Marine  
  103  8:52  Terran Infantry Armor Level 2  
  103  8:53  Terran Infantry Weapons Level 2  
  111  8:56  Marine x3  
  111  8:59  Terran Vehicle Weapons Level 1  
  111  9:01  Siege Tank  
  117  9:05  Medivac  
  119  9:20  Marine  
  120  9:26  Marine x6  
  120  9:27  Marine  
  127  9:32  Missile Turret  
  127  9:35  Siege Tank, Missile Turret  
  127  9:36  Missile Turret  
  127  9:38  Marine  
  131  9:44  Marine x5, Medivac, Siege Tank  
  141  9:56  Supply Depot x2  
  141  9:57  Supply Depot, Marine x3, Medivac  
  141  9:58  Supply Depot  
  146  10:01  Marine  
  146  10:02  Marine x4  
  151  10:09  Siege Tank  
  151  10:15  Marine x2  
  151  10:17  Marine  
  151  10:18  Medivac, Siege Tank  
  151  10:20  Marine x2  
  160  10:34  Command Center  
  160  10:38  Supply Depot  
  160  10:46  Marine  
  160  10:47  Medivac, Siege Tank  
  166  10:50  Siege Tank  
  168  11:02  Marine  
  168  11:03  Marine x5  
  175  11:05  Marine  
  176  11:17  Medivac  
  177  11:19  Siege Tank  
  177  11:22  Siege Tank  
  183  11:32  Marine  
  184  11:33  Marine x4  
  184  11:39  Marine  
  189  11:40  Marine  
  189  11:43  Marine  
  190  11:50  Marine x4  
  190  11:51  Marine, Hellion  
  177  11:55  Hellion  
  177  11:57  Marine  
  177  11:58  Marine  
Show
View Real Time Build Order
Export as new Build Order

MouLou Terran 

Build Orders: Bio Tank 

Get SALT Encoding   

  12  0:01  SCV  
  13  0:13  SCV  
  14  0:17  Supply Depot  
  14  0:25  SCV  
  15  0:38  SCV  
  15  0:40  Barracks  
  16  0:45  Refinery  
  16  0:50  SCV  
  17  1:03  SCV  
  18  1:15  SCV  
  19  1:27  Orbital Command  
  19  1:28  Barracks Reactor  
  19  1:43  Command Center  
  19  1:53  Supply Depot  
  20  1:54  SCV  
  20  2:04  Reaper  
  20  2:05  Reaper  
  20  2:06  SCV  
  23  2:18  SCV  
  24  2:30  SCV  
  24  2:33  Command Center  
  25  2:38  Marine x2  
  25  2:42  SCV  
  28  2:49  Factory  
  28  2:58  Orbital Command  
  28  3:00  SCV  
  28  3:04  Marine  
  28  3:05  Marine  
  31  3:12  SCV  
  32  3:24  SCV  
  32  3:25  SCV  
  34  3:34  Refinery  
  34  3:36  Starport, SCV  
  34  3:37  SCV  
  34  3:39  Marine  
  34  3:40  Hellion x2  
  41  3:43  Supply Depot  
  41  3:47  Orbital Command  
  41  3:48  SCV  
  42  3:50  SCV  
  43  3:57  Marine  
  43  4:00  SCV  
  45  4:02  SCV  
  45  4:05  Hellion  
  45  4:06  Hellion  
  49  4:12  SCV  
  49  4:13  Medivac  
  49  4:15  Marine, SCV  
  53  4:25  Barracks  
  53  4:27  Barracks  
  53  4:28  SCV  
  53  4:30  Refinery  
  54  4:31  SCV  
  54  4:36  Factory Tech Lab  
  56  4:38  SCV  
  56  4:39  Barracks Tech Lab  
  56  4:43  SCV  
  57  4:46  Refinery  
  57  4:47  Barracks  
  57  4:49  SCV  
  57  4:57  Marine, Siege Tank  
  57  4:58  Stimpack  
  61  5:00  SCV  
  61  5:02  SCV  
  63  5:07  Supply Depot  
  63  5:11  Starport Reactor  
  63  5:12  Engineering Bay  
  63  5:13  SCV  
  64  5:14  Barracks Reactor, Engineering Bay  
  64  5:18  Marine  
  64  5:19  Barracks Reactor  
  65  5:22  SCV  
  65  5:26  SCV  
  68  5:28  Supply Depot  
  68  5:31  Orbital Command  
  68  5:34  SCV  
  71  5:35  Siege Tank  
  71  5:36  Marine  
  71  5:40  Marine x2  
  74  5:43  Terran Infantry Weapons Level 1  
  74  5:47  Supply Depot x2  
  74  5:49  SCV x2  
  76  5:53  Marine  
  77  6:01  SCV  
  77  6:02  Marine x3  
  77  6:03  Marine x3  
  84  6:07  Terran Infantry Armor Level 1  
  84  6:08  Medivac  
  86  6:11  Marine  
  86  6:12  Supply Depot x2  
  89  6:20  Marine x2  
  89  6:21  SCV  
  89  6:25  Marine x2  
  94  6:27  Marine x2  
  94  6:30  Marine, Siege Tank  
  94  6:31  SCV  
  99  6:35  SCV  
  99  6:38  Marine  
  99  6:39  SCV  
  102  6:40  Marine, Refinery  
  102  6:41  Barracks x2  
  102  6:43  Refinery, SCV  
  102  6:44  Marine  
  102  6:45  Marine  
  106  6:50  SCV  
  106  6:51  Factory, Marine, SCV  
  109  6:55  Medivac  
  109  6:56  Medivac  
  109  6:57  Marine  
  109  6:58  Marine  
  109  7:01  Marine  
  116  7:07  SCV  
  116  7:08  SCV  
  116  7:11  Marine x2  
  116  7:12  Marine x2  
  116  7:15  Supply Depot  
  116  7:17  Armory  
  116  7:18  Siege Tank  
  116  7:19  Supply Depot  
  116  7:20  Supply Depot  
  115  7:22  Marine  
  115  7:24  Marine  
  115  7:27  Combat Shields  
  115  7:29  Barracks Reactor x2  
  117  7:36  Missile Turret x2  
  117  7:37  Marine, Medivac  
  117  7:41  Missile Turret  
  117  7:42  Factory Tech Lab, Missile Turret  
  117  7:43  Marine  
  117  7:44  Missile Turret  
  121  7:46  Medivac  
  121  7:49  Marine  
  124  7:52  Marine  
  124  7:53  Marine  
  124  7:54  Siege Tank  
  124  7:56  Marine x2  
  131  8:01  Supply Depot  
  131  8:06  Terran Infantry Weapons Level 2  
  131  8:08  Missile Turret  
  131  8:10  Terran Infantry Armor Level 2  
  131  8:11  Marine x2  
  131  8:14  Marine x3  
  131  8:17  Siege Tank  
  137  8:21  Marine  
  135  8:35  Marine  
  135  8:36  Marine  
  135  8:37  Marine  
  135  8:38  Marine, Siege Tank  
  135  8:39  SCV  
  135  8:40  Marine  
  108  8:41  Marine x4  
  108  8:44  Marine x2  
  108  8:46  Medivac x2  
  111  8:49  Siege Tank  
  111  8:53  Marine  
  111  8:54  Marine  
  111  8:55  Marine  
  117  8:56  Marine  
  117  8:58  Marine  
  117  8:59  Marine x3  
  117  9:01  Terran Vehicle Weapons Level 1  
  122  9:04  Marine x2, Command Center  
  122  9:06  SCV  
  125  9:10  Marine  
  125  9:11  Marine  
  125  9:12  Marine  
  125  9:16  Medivac  
  130  9:17  Marine x2, Siege Tank  
  130  9:18  Marine x3  
  130  9:23  Supply Depot  
  138  9:30  Marine x2  
  137  9:31  Marine  
  137  9:32  Marine x2  
  137  9:33  Marine  
  137  9:35  Marine  
  137  9:37  Supply Depot  
  142  9:41  Siege Tank  
  142  9:43  Medivac  
  147  9:49  Widow Mine  
  147  9:52  Marine x5  
  151  9:53  Marine x2  
  151  9:55  Marine  
  151  9:59  Marine x2  
  159  10:01  Supply Depot  
  159  10:07  Marine  
  159  10:10  Marine x2  
  159  10:13  Siege Tank  
  164  10:15  Marine  
  164  10:16  Marine, Medivac x2  
  164  10:17  Marine  
  164  10:18  Marine, Siege Tank  
  175  10:25  Marine  
  175  10:26  Marine x2  
  178  10:37  Marine  
  172  10:44  SCV x2  
  172  10:46  Siege Tank  
  172  10:48  Marine x3  
  180  10:50  Medivac, Siege Tank  
  180  10:55  Marine x2  
  186  10:57  Marine  
  170  11:08  Marine  
  170  11:11  Marine x2  
  171  11:16  Marine  
  171  11:17  Marine  
  171  11:18  Marine x2, Siege Tank  
  180  11:19  Marine  
  184  11:30  Marine  
  186  11:33  Marine x2  
  188  11:46  Marine  
  175  11:51  Marine  
  167  11:59  Marine  
Tags
 
Add a new tag
Caveats
  • Supply blocks, unpowered buildings, or Contaminate may cause inaccurate times.
  • Supply counts are checked every 10 seconds.